 Dungeon Crawl Stone Soup version 0.28-a0-1447-ga5a8893891 (webtiles) character file.

Game seed: 12517398301524784615

8 knot the Skirmisher (level 2, 23/24 HPs)
             Began as a Demonspawn Berserker on Jan 12, 2022.
             Was a Follower of Trog.
             Quit the game on level 1 of the Dungeon.
             The game lasted 00:00:45 (525 turns).

knot the Skirmisher (Demonspawn Berserker)           Turns: 525, Time: 00:00:46

Health: 23/24      AC:  2    Str: 17    XL:     2   Next: 0%
Magic:  2/2        EV: 12    Int:  8    God:    Trog [*.....]
Gold:   46         SH:  5    Dex: 12    Spells: 1/1 levels left

rFire   . . .      SeeInvis .   a - +0 hand axe
rCold   . . .      Faith    .   (no shield)
rNeg    . . .      Spirit   .   b - +0 animal skin
rPois   .          Reflect  +   (helmet restricted)
rElec   .          Harm     .   (no cloak)
rCorr   .          Rampage  .   (no gloves)
Will    .....                   (no boots)
Stlth   +.........              i - amulet of reflection
HPRegen 0.08/turn               (no ring)
MPRegen 0.08/turn               (no ring)

@: no status effects
A: horns 1
a: Renounce Religion, Berserk


You were on level 1 of the Dungeon.
You worshipped Trog.
Trog was aware of your devotion.
You visited 1 branch of the dungeon, and saw 1 of its levels.

You collected 46 gold pieces.

Inventory:

Hand Weapons
 a - a +0 hand axe (weapon)
Missiles
 d - 11 poisoned darts (quivered)
 g - 7 stones
Armour
 b - a +0 animal skin (worn)
Jewellery
 i - an amulet of reflection (around neck)
Scrolls
 c - a scroll of fog {unknown}
 e - a scroll of teleportation {unknown}
 h - a scroll of noise {unknown}
Potions
 f - a potion of lignification {unknown}


   Skills:
 - Level 3.0 Fighting
 * Level 3.0 Axes
 * Level 1.0 Throwing
 - Level 1.7 Armour
 - Level 1.7 Dodging


You had one spell level left.
You didn't know any spells.
Your spell library contained the following spells:

 Spells                   Type           Power      Damage    Failure   Level
 Animate Skeleton         Necr           0%         N/A       41%         1
 Apportation              Tloc           0%         N/A       41%         1
 Summon Small Mammal      Summ           0%         N/A       41%         1


Dungeon Overview and Level Annotations

Branches:
Dungeon (1/15)

Altars:


Innate Abilities, Weirdness & Mutations

You have a pair of small horns on your head.


Message History

You now have 32 gold pieces (gained 15).
i - an amulet of reflection You start putting on your amulet.
You continue putting on your amulet of reflection. x5
You finish putting on your amulet of reflection.
You feel a shielding aura gather around you.
i - an amulet of reflection (around neck)
You now have 46 gold pieces (gained 14).
A ball python comes into view.
Throw: 14 darts (poison)
Press: ? - help, Q - select action, (/) - cycle Shift-Dir - straight line, f - ball python
Aim: a ball python (asleep, 98% to hit)
You throw a poisoned dart. The poisoned dart hits the ball python.
The ball python is poisoned.
The ball python hisses angrily.
Throw: 13 darts (poison)
Press: ? - help, Q - select action, (/) - cycle Shift-Dir - straight line, f/p - ball python
Aim: a ball python (poisoned, 53% to hit)
You throw a poisoned dart.
The poisoned dart closely misses the ball python.
Throw: 12 darts (poison)
Press: ? - help, Q - select action, (/) - cycle Shift-Dir - straight line, f/p - ball python
Aim: a ball python (poisoned, 53% to hit)
You throw a poisoned dart. The poisoned dart hits the ball python.
The ball python looks even sicker.
You closely miss the ball python.
The ball python is heavily wounded.
The ball python closely misses you. The ball python grabs you.
The ball python constricts you. The ball python bites you.
The ball python constricts you.
You hit the ball python.
You kill the ball python!
Trog accepts your kill.
Your Axes skill increases to level 3!
Your Throwing skill increases to level 1!
You have reached level 2!
You feel monstrous as your demonic heritage exerts itself.
Your demonic ancestry asserts itself...
A pair of horns grows on your head!
Are you sure you want to abandon this character and quit the game? (Confirm with "yes".)

.#.#........#
#.#.#........#
#.#.#........# #
#.#.#........# ##
#.#.####.....#
.####.#.# #.....#
......#.####.....####
...................>#
#..............#@##.#
..#.#.#.####.#.#.# #
......#.# #...#..
...##.#.# #.##....
....#.#.# #.# .....
..#.#...# ..##......
......### #.##...((..
####... ............
..#


There were no monsters in sight!

Vanquished Creatures
  2 endoplasms (D:1)
  A goblin (D:1)
  2 ball pythons (D:1)
  3 frilled lizards (D:1)
8 creatures vanquished.

Notes
Turn   | Place    | Note
-------+----------+-------------------------------------------
     0 | D:1      | knot the Demonspawn Berserker began the quest for the Orb.
     0 | D:1      | Reached XP level 1. HP: 18/18 MP: 1/1
   525 | D:1      | Reached skill level 1 in Throwing
   525 | D:1      | Discovered your monstrous ancestry.
   525 | D:1      | Gained mutation: You have a pair of small horns on your
                  | head. [demonic ancestry]
   525 | D:1      | Reached XP level 2. HP: 23/24 MP: 2/2
   525 | D:1      | Quit the game

Illustrated notes

Levels and vault maps discovered:
D:1:      psy_arrival_wood_between_worlds, layout_basic

Skill      XL: |  1 |
---------------+----+-----
Axes           | 3 |  3.0
Throwing       | 1 |  1.0
Fighting       | |  3.0
Armour         | |  1.7
Dodging        | |  1.7

Action                   || total
-------------------------++-------
Melee: Hand axe          ||    13
Throw: Dart              ||    19
Armor: Animal skin       ||     1
Dodge: Dodged            ||     4

Table legend: (Time is in decaauts)
 A = Elapsed time spent in this place.
 B = Non-inter-level travel time spent in this place.
 C = Inter-level travel time spent in this place.
 D = Time resting spent in this place.
 E = Time spent auto-exploring this place.
 F = Levels seen in this place.
 G = Mean time per level.
                   A        B        C        D        E       F      G
               +--------+--------+--------+--------+--------+-----+--------+
         Total |    527 |    527 |      0 |      0 |    460 |   1 |  527.0 |
       Dungeon |    527 |    527 |      0 |      0 |    460 |   1 |  527.0 |
               +--------+--------+--------+--------+--------+-----+--------+

Top non-repeatable levels by time:
     D:1: 527 daAuts
